Map: Acid Plant LE

Players

FiveSeven

  • Race: Terran Terran
  • League: Diamond
  • Spawn Location: 11:00

Deathmerger - Winner!

  • Race: Protoss Protoss
  • League: Platinum
  • Spawn Location: 5:00

VOD

Have the link to the VOD?

Description

Time

  • Played on: June 22, 2018, 10:57 p.m.
  • Length: 19:37
Show
View Real Time Build Order
Export as new Build Order

FiveSeven Terran 

Build Orders:  

Get SALT Encoding   

  12  0:00  SCV  
  13  0:12  SCV  
  14  0:17  Supply Depot  
  14  0:25  SCV  
  15  0:38  SCV  
  15  0:40  Barracks  
  16  0:46  Refinery  
  16  0:52  SCV  
  17  1:04  SCV  
  18  1:27  Orbital Command  
  18  1:28  Marine  
  19  1:35  Refinery  
  19  1:51  Command Center  
  19  1:57  SCV  
  20  2:06  Factory  
  20  2:10  SCV  
  20  2:13  Barracks Reactor  
  21  2:23  SCV  
  22  2:33  Refinery  
  22  2:35  Refinery, SCV  
  23  2:53  Supply Depot  
  23  2:54  Supply Depot  
  23  2:57  Barracks Tech Lab  
  23  3:03  SCV  
  24  3:07  Orbital Command  
  24  3:11  Cyclone  
  27  3:18  Cyclone  
  30  3:22  SCV  
  31  3:33  Factory  
  31  3:35  SCV  
  31  3:38  SCV  
  33  3:45  Hellion  
  35  3:50  Hellion  
  37  3:59  SCV x2  
  39  4:10  Cyclone  
  39  4:11  SCV x2  
  39  4:16  Siege Tank  
  47  4:18  Hellion  
  47  4:23  SCV x2  
  51  4:38  SCV x2  
  53  4:45  Armory  
  53  4:46  Armory  
  53  4:58  Hellion  
  51  5:03  SCV x2  
  48  5:11  Starport  
  48  5:12  Starport  
  48  5:17  SCV  
  48  5:18  SCV  
  48  5:19  Siege Tank  
  48  5:20  Hellion x2  
  53  5:30  SCV  
  53  5:33  Terran Vehicle Weapons Level 1, Terran Ship Weapons Level 1  
  54  5:52  Supply Depot  
  54  5:54  Supply Depot  
  54  6:13  Barracks Reactor, Siege Tank, SCV  
  54  6:14  Hellion x2  
  54  6:15  SCV, Viking x2  
  54  6:18  Supply Depot  
  67  6:19  Supply Depot  
  67  6:26  SCV  
  67  6:27  SCV  
  69  6:38  SCV  
  69  6:39  SCV  
  71  6:42  Hellion x2  
  71  6:45  Viking x2  
  71  6:46  Cyclone  
  82  6:51  SCV  
  82  6:52  SCV  
  82  6:53  Supply Depot  
  82  7:15  Viking  
  84  7:17  SCV x2  
  84  7:19  Siege Tank, Hellion x2  
  76  7:45  Viking  
  70  7:53  SCV x2  
  70  7:56  Barracks Reactor  
  72  8:01  Engineering Bay  
  72  8:02  Refinery  
  72  8:04  Hellion  
  72  8:05  Command Center, Siege Tank  
  77  8:06  Viking x2  
  77  8:08  SCV x2  
  85  8:13  Hellbat  
  85  8:14  Terran Ship Weapons Level 2  
  85  8:21  Supply Depot  
  85  8:26  Hellion  
  87  8:29  Viking  
  91  8:34  Hellion  
  91  8:38  SCV x2  
  93  8:42  Siege Tank  
  93  8:45  Missile Turret  
  93  8:46  Missile Turret  
  93  8:47  Missile Turret  
  96  8:50  SCV x2  
  98  8:56  Terran Vehicle Weapons Level 2, Refinery  
  98  8:59  Missile Turret  
  98  9:01  Refinery, Missile Turret  
  99  9:02  SCV  
  99  9:03  Hellion, SCV  
  99  9:04  Missile Turret  
  102  9:17  SCV x2, Hellion, Viking  
  108  9:20  Orbital Command  
  108  9:24  Siege Tank  
  108  9:26  Viking  
  108  9:29  SCV x2  
  115  9:37  Sensor Tower  
  115  9:45  Sensor Tower, SCV  
  115  9:48  SCV  
  117  10:07  Command Center, SCV  
  110  10:26  Command Center  
  110  10:51  Supply Depot  
  110  10:55  SCV x2, Viking x3  
  118  11:03  Refinery  
  118  11:12  Hellion x2, Viking  
  118  11:13  SCV x2  
  118  11:14  Terran Vehicle Weapons Level 3  
  126  11:19  Siege Tank  
  126  11:21  Orbital Command  
  126  11:23  Refinery  
  126  11:25  Refinery, SCV  
  126  11:42  Widow Mine x2  
  126  11:44  Viking x2  
  134  11:51  Siege Tank  
  137  11:55  Factory  
  137  11:56  Factory  
  137  11:59  Factory  
  137  12:04  Widow Mine  
  139  12:12  Cyclone  
  139  12:13  Viking x2  
  139  12:14  Viking  
  148  12:26  Viking  
  148  12:27  Hellion x2  
  154  12:33  SCV x2  
  156  12:50  SCV  
  155  13:04  SCV  
  156  13:09  Supply Depot x2  
  156  13:11  Supply Depot  
  156  13:15  Factory Tech Lab  
  156  13:16  Factory Tech Lab x2  
  156  13:30  SCV, Siege Tank, Viking x2  
  156  13:31  Cyclone x2, SCV  
  156  13:32  Viking  
  152  13:59  Siege Tank x3  
  152  14:00  Viking x2  
  152  14:01  SCV x2  
  152  14:02  SCV  
  157  14:03  Siege Tank  
  157  14:04  Hellion x2  
  164  14:19  Terran Vehicle And Ship Armor Level 1  
  159  14:26  Hellion, Viking x2  
  159  14:28  Hellion  
  149  14:31  Siege Tank, Hellion  
  145  14:44  SCV x2  
  145  14:45  Orbital Command  
  143  14:54  Thor x2  
  143  14:55  Viking  
  143  14:56  Hellion x2, Hellbat  
  143  14:57  Viking  
  165  15:03  Hellion  
  165  15:06  Viking  
  167  15:16  Command Center  
  167  15:17  Hellion, SCV x3  
  142  15:31  Siege Tank, SCV  
  142  15:32  Siege Tank  
  146  15:37  Siege Tank  
  146  15:39  Viking  
  119  15:54  Medivac, Hellion x3, Viking  
  115  16:04  Hellion  
  76  16:19  SCV x3  
  75  16:30  Viking  
  69  16:39  SCV  
  72  16:41  Orbital Command  
  54  17:45  Barracks x2  
  54  17:46  Barracks x4  
  54  17:48  Barracks  
  54  17:50  Barracks x2  
  51  18:00  Orbital Command  
  26  18:17  Barracks  
  26  18:18  Barracks  
  26  18:19  Barracks  
  26  18:20  Barracks  
  26  18:32  SCV x2  
  28  18:34  Marine x5  
  28  18:35  Marine x2  
  35  18:52  Marine x4  
  35  18:53  Marine x5  
  40  19:10  Marine  
Show
View Real Time Build Order
Export as new Build Order

Deathmerger Protoss - Winner!

Build Orders: 1 Gate Expand 

Get SALT Encoding   

  12  0:01  Probe  
  13  0:13  Probe  
  14  0:18  Pylon  
  14  0:25  Probe  
  15  0:37  Probe  
  15  0:40  Gateway  
  16  0:45  Probe  
  16  0:47  Assimilator  
  17  0:53  Probe  
  18  1:04  Probe  
  19  1:21  Nexus, Probe  
  20  1:34  Probe  
  20  1:37  Cybernetics Core  
  21  1:47  Probe  
  22  1:58  Pylon  
  22  1:59  Probe  
  23  2:12  Assimilator, Stalker  
  23  2:17  Probe  
  25  2:24  Gateway  
  26  2:30  Probe  
  26  2:38  Probe  
  26  2:40  Assimilator  
  26  2:41  Warp Gate  
  27  2:46  Stargate  
  27  2:48  Probe  
  28  3:00  Probe  
  29  3:08  Pylon, Probe  
  30  3:15  Probe  
  30  3:19  Sentry  
  33  3:22  Stalker  
  33  3:25  Assimilator  
  35  3:29  Probe  
  35  3:30  Probe  
  37  3:38  Shield Battery  
  37  3:40  Shield Battery  
  37  3:47  Void Ray  
  37  3:49  Stalker  
  37  3:50  Probe  
  37  3:51  Probe  
  45  4:03  Probe  
  45  4:04  Stalker  
  48  4:10  Pylon  
  49  4:17  Probe x2  
  50  4:26  Void Ray  
  50  4:29  Probe  
  50  4:30  Probe  
  50  4:31  Gateway  
  56  4:41  Probe  
  56  4:44  Probe  
  58  4:52  Gateway  
  55  4:58  Stalker x2  
  53  5:04  Probe x2  
  54  5:10  Void Ray  
  57  5:22  Stalker x2  
  57  5:23  Probe  
  57  5:25  Protoss Air Weapons Level 1  
  62  5:28  Pylon  
  62  5:43  Pylon  
  62  5:47  Sentry, Probe x2  
  66  5:50  Stalker  
  66  5:56  Void Ray  
  72  6:04  Pylon  
  72  6:05  Probe  
  72  6:07  Probe  
  74  6:16  Pylon  
  74  6:17  Probe  
  75  6:21  Gateway  
  75  6:24  Stalker  
  77  6:25  Sentry  
  79  6:33  Probe x2  
  81  6:42  Void Ray  
  81  6:43  Assimilator  
  81  6:46  Probe x2  
  87  6:50  Stalker  
  87  6:51  Sentry  
  91  6:59  Probe x2  
  93  7:07  Pylon  
  93  7:09  Pylon, Protoss Air Armor Level 1  
  93  7:12  Gateway  
  93  7:15  Sentry, Void Ray  
  93  7:23  Pylon  
  93  7:42  Stalker x2  
  93  7:43  Probe  
  86  7:57  Nexus  
  86  7:58  Pylon  
  86  8:04  Probe x2  
  88  8:12  Stalker x3  
  94  8:16  Probe x2  
  96  8:20  Twilight Council, Void Ray  
  96  8:23  Sentry x2  
  100  8:28  Probe x2  
  106  8:40  Probe x2  
  108  8:44  Stalker  
  110  8:48  Stalker  
  110  8:52  Sentry, Probe x2  
  116  9:06  Blink  
  116  9:07  Zealot x2  
  116  9:08  Zealot x2  
  116  9:09  Probe  
  125  9:17  Shield Battery  
  125  9:18  Probe x2  
  127  9:26  Stalker x2  
  127  9:28  Zealot  
  127  9:29  Zealot  
  135  9:32  Stalker  
  137  9:42  Stalker  
  139  9:48  Stalker  
  141  9:57  Pylon  
  141  10:01  Pylon  
  139  10:22  Stalker x4  
  139  10:23  Stalker x2  
  139  10:24  Probe  
  152  10:30  Pylon  
  152  10:44  Gateway  
  152  10:45  Gateway  
  152  10:46  Probe x2  
  152  10:47  Probe, Gateway  
  152  10:49  Forge, Stalker x3  
  159  10:50  Forge  
  159  10:51  Stalker x2  
  159  10:52  Sentry  
  159  10:53  Pylon  
  163  11:07  Pylon  
  163  11:11  Pylon, Void Ray  
  167  11:15  Stalker x3  
  173  11:22  Assimilator  
  173  11:23  Charge  
  173  11:25  Probe  
  173  11:30  Assimilator  
  173  11:32  Shield Battery  
  174  11:33  Shield Battery  
  174  11:35  Sentry, Photon Cannon  
  174  11:38  Stalker  
  174  11:39  Stalker x3  
  184  11:41  Sentry  
  186  11:47  Probe  
  186  11:52  Protoss Ground Weapons Level 1  
  187  11:54  Protoss Ground Armor Level 1  
  187  12:11  Stalker  
  188  12:25  Stalker  
  188  12:26  Stalker  
  184  12:42  Stalker  
  184  12:43  Stalker  
  188  12:55  Robotics Facility  
  188  12:56  Stalker x4  
  188  13:36  Void Ray  
  184  14:07  Pylon  
  184  14:09  Pylon  
  184  14:10  Pylon  
  184  14:16  Observer  
  185  14:19  Fleet Beacon  
  154  14:56  Stalker  
  154  14:57  Stalker x3  
  154  14:59  Sentry  
  164  15:00  Sentry  
  164  15:04  Probe  
  165  15:18  Nexus, Observer  
  164  15:21  Pylon x2  
  142  15:37  Pylon  
  142  15:38  Pylon  
  142  15:41  Stalker x3  
  142  15:42  Stalker x2  
  152  15:43  Stalker  
  130  16:04  Stalker  
  130  16:05  Stalker x3  
  138  16:11  Stalker  
  138  16:12  Stalker  
  138  16:17  Gateway  
  138  16:18  Gateway  
  136  16:20  Cybernetics Core  
  136  16:21  Gateway  
  134  16:26  Gateway x2  
  134  16:30  Gateway x2  
  134  16:34  Stalker x2  
  138  16:41  Stalker x2  
  142  17:01  Protoss Ground Weapons Level 2  
  142  17:10  Stalker x2  
  142  17:48  Pylon  
  142  17:49  Pylon  
  142  17:52  Pylon  
  142  18:02  Void Ray  
  144  18:06  Pylon  
  144  18:07  Pylon  
  144  18:08  Pylon  
  144  18:09  Pylon  
  144  18:10  Pylon  
  144  18:13  Pylon  
  144  18:22  Pylon  
  144  18:26  Gateway  
  144  18:29  Stalker x2  
  144  18:30  Stalker x2  
  144  18:32  Gateway, Zealot x3  
  158  18:38  Gateway  
  158  18:40  Templar Archives  
  158  18:41  Pylon  
  158  18:44  Void Ray  
  162  18:56  Stalker x2  
  162  18:57  Stalker x3  
  162  18:58  Stalker x3  
  176  19:11  Zealot  
  176  19:12  Zealot  
Tags
 
Add a new tag
Caveats
  • Supply blocks, unpowered buildings, or Contaminate may cause inaccurate times.
  • Supply counts are checked every 10 seconds.